 Dungeon Crawl Stone Soup version 0.25-a0-38-g099c3e1 (webtiles) character file.

Game seed: 4696218578620450972, levelgen mode: deterministic

14389 stealthycow the Unseen (level 11, -3/58 HPs)
             Began as a Spriggan Enchanter on Oct 20, 2019.
             Was a High Priest of Wu Jian.
             Slain by an ice beast (4 damage)
             ... summoned by an ice statue
             ... in an ice cave.
             The game lasted 01:06:44 (16208 turns).

stealthycow the Unseen (Spriggan Enchanter)        Turns: 16208, Time: 01:06:45

Health: -3/58      AC:  4    Str:  4    XL:     11   Next: 88%
Magic:  21/21      EV: 34    Int: 17    God:    Wu Jian [*****.]
Gold:   603        SH:  0    Dex: 23    Spells: 18/22 levels left

rFire    + . .     SeeInvis +   b - +1 rapier (drain)
rCold    + . .     Gourm    .   (shield restricted)
rNeg     . . .     Faith    .   C - +0 robe
rPois    .         Spirit   .   (helmet restricted)
rElec    .         Reflect  .   c - +1 cloak
rCorr    .         Harm     .   (gloves unavailable)
MR       +....                  (boots unavailable)
Stlth    ++++++++..             (no amulet)
HPRegen  0.19/turn              o - ring of protection from cold
MPRegen  0.17/turn              k - ring "Diutech" {rF+ EV+4 Dex+3 Stlth+}

@: very quick
A: very small, unfitting armour, see invisible, herbivore, speed 3, slow
metabolism 2
a: Wall Jump, Serpent's Lash, Heavenly Storm, Renounce Religion


You were in an ice cave.
You worshipped Wu Jian.
Wu Jian was extremely pleased with you.
You were hungry.

You visited 2 branches of the dungeon, and saw 12 of its levels.
You also visited: Sewer and Ice Cave.

You collected 603 gold pieces.

Inventory:

Hand Weapons
 a - a +1 dagger of venom
 b - a +1 rapier of draining (weapon)
Missiles
 A - a throwing net (quivered)
Armour
 c - a +1 cloak (worn)
 C - a +0 robe (worn)
Jewellery
 k - the ring "Diutech" (right hand) {rF+ EV+4 Dex+3 Stlth+}
   (You found it on level 4 of the Dungeon)

   [ring of evasion]

   It affects your evasion (+4).
   It affects your dexterity (+3).
   It protects you from fire.
   It makes you more stealthy.
 o - a ring of protection from cold (left hand)
 H - a cursed -3 ring of intelligence {unknown}
 J - an uncursed ring of protection from magic
Wands
 u - a wand of acid (8)
 z - a wand of paralysis (10)
 F - a wand of digging (1)
Scrolls
 h - 3 scrolls of amnesia
 j - 3 scrolls of enchant armour
 m - 7 scrolls of teleportation
 w - 3 scrolls of enchant weapon
 y - 3 scrolls of remove curse
 B - 2 scrolls of blinking
 E - a scroll of magic mapping
 G - a scroll of identify
Potions
 e - a potion of resistance
 f - 3 potions of cancellation
 g - 3 potions of heal wounds
 i - 2 potions of agility
 l - 2 potions of berserk rage
 n - a potion of invisibility
 p - 3 potions of mutation
 q - 3 potions of flight
 r - 2 potions of magic
 s - 3 potions of curing
 t - 2 potions of haste
 v - 2 potions of brilliance
 x - a potion of might {unknown}
 D - 2 potions of ambrosia {unknown}
 I - a potion of degeneration {unknown}
 K - a potion of lignification {unknown}
Comestibles
 d - 15 rations


   Skills:
 + Level 6.4 Fighting
 + Level 10.8 Short Blades
 + Level 11.5 Dodging
 * Level 16.3 Stealth
 - Level 6.0 Spellcasting
 - Level 4.0 Hexes
 - Level 3.0 Necromancy


You had 18 spell levels left.
You knew the following spells:

 Your Spells              Type           Power        Failure   Level  Hunger
a - Animate Skeleton      Necr           N/A          3%          1    None
b - Ensorcelled Hibernat  Hex/Ice        ##....       9%          2    None
c - Confusing Touch       Hex            ###...       2%          1    None

Your spell library contained the following spells:

 Spells                   Type           Power        Failure   Level  Hunger
 Corona                   Hex            ###....      2%          1    None
 Pain                     Necr           ###.         3%          1    None
 Confuse                  Hex            ###.....     8%          3    ##.....
 Tukima's Dance           Hex            ###.....     8%          3    ##.....
 Vampiric Draining        Necr           ###.......   11%         3    ##.....
 Apportation              Tloc           #.....       13%         1    None
 Infusion                 Chrm           #...         13%         1    None
 Summon Small Mammal      Summ           #...         13%         1    None
 Dazzling Spray           Conj/Hex       ##....       17%         3    ##.....
 Spectral Weapon          Hex/Chrm       ##......     17%         3    ##.....
 Shroud of Golubria       Chrm/Tloc      #.....       19%         2    None
 Song of Slaying          Chrm           #.......     19%         2    None
 Regeneration             Chrm/Necr      ##........   21%         3    ##.....
 Animate Dead             Necr           N/A          36%         4    ####...


Dungeon Overview and Level Annotations

Branches:
Dungeon (11/15)            Temple (0/1) D:7            Lair (1/6) D:9
    Orc (0/2) D:9           Sewer (visited)           IceCv (1/1)

Altars:
Wu Jian

Shops:
D:6 }   D:7 [

Annotations:
D:5 exclusion: door
D:11 3 runed translucent doors IceCv exclusion: ice statue


Innate Abilities, Weirdness & Mutations

You are very small and have problems with some larger weapons.
You are too small for most types of armour.
You have supernaturally acute eyesight. (SInv)
You are a herbivore.
You cover ground extremely quickly.
You need to consume almost no food.


Message History

The ice statue is heavily damaged.
You are engulfed in freezing vapours.
You resist. The ice beast hits you. The ice beast freezes you! You resist.
The ice beast completely misses you. The ice beast hits you.
* * * LOW HITPOINT WARNING * * *
The ice beast freezes you. You resist.
* * * LOW HITPOINT WARNING * * *
You hit the ice statue.
The ice statue is heavily damaged.
You are engulfed in freezing vapours.
You resist.
* * * LOW HITPOINT WARNING * * *
The ice statue gestures at you. The bolt of cold misses you.
The bolt of cold hits the ice beast.
The ice beast completely resists.
The ice beast completely misses you. x2
You hit the ice statue but do no damage.
The ice statue is heavily damaged.
You are engulfed in freezing vapours.
You resist.
* * * LOW HITPOINT WARNING * * *
The ice beast hits you.
You die...

#### #### ####.#.##
##..## #### #.......##
#....#####..####.......#
.......##....##........#
.∩.∩.......#...........#
..........###.........##
#....##..## ###○YY....#
##..###### ##@°....#
#### #8Y°....# ##○.○..##
#....## ##..## ... #...
..##


You could see an ice statue and 3 ice beasts.

Vanquished Creatures
  Fannar (D:10)
  Harold (D:8)
  2 two-headed ogres
  A deep elf knight (D:10)
  Pikel (D:8)
  An ugly thing (D:11)
  3 cyclopes
  A manticore (D:11)
  An ice statue (IceCv)
  A hippogriff (D:10)
  A wyvern (D:11)
  A spriggan (D:7)
  9 yaks
  2 wraiths
  2 hungry ghosts
  A water moccasin (Lair:1)
  A porcupine (D:9)
  6 orc warriors
  A slave (D:8)
  An ice beast (D:10)
  3 black bears
  2 phantoms
  2 sky beasts
  2 necrophages (D:7)
  5 ogres
  5 centaurs
  2 crocodiles (D:9)
  2 big kobolds
  8 bullfrogs
  A wyvern zombie (D:10)
  A water moccasin zombie (D:7)
  5 scorpions
  3 wights (D:7)
  15 killer bees
  2 howler monkeys
  2 bullfrog zombies
  A centaur zombie (D:7)
  2 crimson imps
  A quasit (D:7)
  Crazy Yiuf (D:2)
  9 orc wizards
  5 orc priests
  7 hounds
  4 jellies
  2 iguanas
  Natasha (D:2)
  7 worker ants
  A killer bee zombie (D:10)
  A hound zombie (D:8)
  2 worker ant zombies
  11 adders
  2 shadow imps (D:8)
  18 white imps
  6 ufetubi (IceCv)
  An ooze (D:3)
  4 adder zombies
  2 worms
  A dart slug (D:1)
  7 leopard geckos
  52 orcs
  12 giant cockroaches
  7 hobgoblins
  5 jackals
  4 quokkas
  6 ball pythons
  4 bats
  9 frilled lizards
  5 goblins
  A jackal skeleton (D:6)
  10 kobolds
  A quokka skeleton (D:4)
  8 rats
318 creatures vanquished.

Vanquished Creatures (collateral kills)
  A bullfrog (Sewer)
1 creature vanquished.

Vanquished Creatures (others)
  2 white imps (IceCv)
  2 ufetubi (IceCv)
  4 fungi (D:9)
8 creatures vanquished.

Grand Total: 327 creatures vanquished

Notes
Turn   | Place    | Note
-------+----------+-------------------------------------------
     0 | D:1      | stealthycow the Spriggan Enchanter began the quest for the
                  | Orb.
     0 | D:1      | Reached XP level 1. HP: 9/9 MP: 5/5
   254 | D:1      | Reached XP level 2. HP: 13/13 MP: 6/6
   731 | D:1      | Learned a level 2 spell: Ensorcelled Hibernation
  1046 | D:2      | Noticed Natasha
  1214 | D:2      | Reached XP level 3. HP: 7/16 MP: 5/8
  1389 | D:2      | Learned a level 1 spell: Confusing Touch
  1475 | D:2      | Found a runed translucent door.
  1476 | D:2      | Noticed Crazy Yiuf
  1971 | D:2      | Killed Natasha
  1971 | D:2      | Reached skill level 5 in Stealth
  1971 | D:2      | Reached XP level 4. HP: 21/21 MP: 6/9
  2143 | D:2      | Killed Crazy Yiuf
  2858 | D:3      | Reached XP level 5. HP: 25/25 MP: 4/11
  3415 | D:4      | Found an ornate altar of the Wu Jian Council.
  3418 | D:4      | Became a worshipper of the Wu Jian Council
  3508 | D:4      | Reached skill level 1 in Fighting
  3671 | D:4      | Reached skill level 6 in Stealth
  3911 | D:4      | Reached XP level 6. HP: 30/30 MP: 5/12
  4109 | D:4      | Got a scorched copper ring
  4111 | D:4      | Identified the ring "Diutech" {rF+ EV+4 Dex+3 Stlth+} (You
                  | found it on level 4 of the Dungeon)
  4267 | D:4      | Reached skill level 5 in Dodging
  4267 | D:4      | Reached skill level 7 in Stealth
  4403 | D:5      | Entered Level 5 of the Dungeon
  4453 | D:5      | Reached * piety under Wu Jian
  4496 | D:5      | Reached XP level 7. HP: 34/34 MP: 12/14
  4500 | D:5      | Learned a level 1 spell: Animate Skeleton
  4886 | D:5      | Reached skill level 5 in Short Blades
  4886 | D:5      | Reached skill level 8 in Stealth
  4886 | D:5      | Reached skill level 1 in Necromancy
  5755 | D:6      | Found a glowing drain.
  5779 | Sewer    | Entered a sewer
  6625 | D:6      | Reached XP level 8. HP: 39/39 MP: 15/15
  6652 | D:6      | Reached ** piety under Wu Jian
  6811 | D:6      | Found Fautugo's Gadget Shoppe.
  6825 | D:6      | Reached skill level 9 in Stealth
  7559 | D:7      | Found a staircase to the Ecumenical Temple.
  7789 | D:7      | Reached skill level 10 in Stealth
  7996 | D:7      | Noticed a two-headed ogre
  8017 | D:7      | Reached XP level 9. HP: 44/44 MP: 14/16
  8404 | D:7      | Reached *** piety under Wu Jian
  8419 | D:7      | Found Hehevag's Antique Armour Shoppe.
  8590 | D:7      | Reached skill level 11 in Stealth
  9113 | D:7      | Found a staircase to the Ecumenical Temple.
  9240 | D:7      | Found Hehevag's Antique Armour Shoppe.
  9695 | D:8      | Noticed Harold
  9807 | D:8      | Killed Harold
  9807 | D:8      | Reached skill level 12 in Stealth
 10147 | D:8      | Noticed a two-headed ogre
 10576 | D:8      | Reached XP level 10. HP: 51/51 MP: 15/17
 10825 | D:8      | Noticed Pikel
 10849 | D:8      | Killed Pikel
 11228 | D:8      | Killed a two-headed ogre
 11228 | D:8      | Reached skill level 13 in Stealth
 11388 | D:9      | Found a staircase to the Lair.
 11405 | D:9      | Reached **** piety under Wu Jian
 11537 | D:9      | Reached skill level 5 in Spellcasting
 11745 | D:9      | Killed a two-headed ogre
 11745 | D:9      | Reached skill level 5 in Fighting
 11745 | D:9      | Reached skill level 10 in Short Blades
 11983 | D:9      | Reached skill level 14 in Stealth
 12149 | D:8      | Reached skill level 10 in Dodging
 12195 | D:9      | Reached XP level 11. HP: 56/56 MP: 18/20
 12715 | D:9      | Found a staircase to the Orcish Mines.
 12894 | D:9      | Identified a scroll of acquirement
 12979 | D:10     | Entered Level 10 of the Dungeon
 13233 | D:10     | Noticed Fannar
 13247 | D:10     | Killed Fannar
 13320 | D:10     | Noticed a deep elf knight
 13323 | D:10     | Killed a deep elf knight
 13323 | D:10     | Reached skill level 15 in Stealth
 13860 | D:11     | Found a runed translucent gate.
 13860 | D:11     | Found a runed translucent gate.
 13958 | D:11     | Noticed a glowing orange brain
 13958 | D:11     | Noticed a purple ugly thing
 13959 | D:11     | Found a runed translucent gate.
 13959 | D:11     | Noticed a green very ugly thing
 13959 | D:11     | Noticed a red ugly thing
 13960 | D:11     | Noticed a red ugly thing
 13960 | D:11     | Noticed a purple ugly thing
 14067 | D:11     | Reached ***** piety under Wu Jian
 14392 | D:11     | Reached skill level 16 in Stealth
 14715 | D:11     | Noticed a red ugly thing
 14725 | D:11     | Killed a red ugly thing
 14932 | Lair:1   | Entered Level 1 of the Lair of Beasts
 15063 | Lair:1   | HP: 2/57 [white imp/puff of frost (6)]
 15367 | Lair:1   | Found a frozen archway.
 15406 | IceCv    | Entered an ice cave
 16208 | IceCv    | HP: 1/58 [ice statue] (4)]
 16208 | IceCv    | Slain by an ice beast

Levels and vault maps discovered:
D:1:      mrwooster_arrival_statue_2, layout_rooms, roderic_lattice_a
D:2:      layout_basic, uniq_natasha, uniq_crazy_yiuf_cottage
D:3:      layout_loops_corners, first_ration, minmay_pentangle
D:4:      layout_loops_ring, kennysheep_mini
D:5:      layout_basic
D:6:      layout_basic, portal_sewer_entry_e, serial_curves, eino_curves_01,
          eino_curves_01, eino_curves_01, eino_curves_03, serial_shops, shop,
          st_stairs_10, grunt_ministairs_9, minmay_splitting_lines
D:7:      layout_basic, temple_doors_e, serial_shops, shop, the_bakery,
          minmay_bent
D:8:      layout_basic, uniq_harold, uniq_pikel
D:9:      layout_rooms, due_lair_maze_entry_diamond, orc_0_dummy
D:10:     layout_loops_ring, minmay_three_doors, uniq_fannar
D:11:     layout_cave_pods, ploomutoo_gammafunk_ghost_potion_laboratory,
          eino_jars
Lair:1:   layout_cave_pods, nicolae_volcano_entry_batcave,
          portal_ice_cave_entry_imps
IceCv:    ice_cave_small_demon

Skill      XL: |  1  2  3  4  5  6  7  8  9 10 11 |
---------------+----------------------------------+-----
Spellcasting   | 3 4 5 6 |  6.0
Short Blades   | 2 3 4 5 6 8 10 | 10.8
Stealth        | 5 6 7 8 10 12 14 16 | 16.3
Hexes          | 4 |  4.0
Dodging        | 4 5 6 7 8 10 11 | 11.5
Fighting       | 1 2 3 4 5 6 |  6.4
Necromancy     | 1 2 3 |  3.0

Action                   |  1- 3 |  4- 6 |  7- 9 | 10-12 || total
-------------------------+-------+-------+-------+-------++-------
Melee: Dagger            |   120 |   182 |   660 |   653 ||  1615
       Rapier            |       |       |       |   169 ||   169
 Cast: Corona            |     4 |       |       |       ||     4
       Ensorcelled Hiber |    11 |    15 |    23 |     1 ||    50
       Confusing Touch   |     4 |    10 |    25 |    35 ||    74
       Animate Skeleton  |       |       |     8 |       ||     8
Invok: Lunge             |       |    26 |    88 |    79 ||   193
       Whirlwind         |       |       |    17 |    50 ||    67
       Serpent's Lash    |       |       |     1 |     4 ||     5
Evoke: Wand              |       |       |       |     1 ||     1
  Use: Scroll            |       |    10 |     9 |    11 ||    30
 Stab: Sleeping          |    13 |    14 |    34 |    50 ||   111
       Confused          |     2 |     7 |    23 |    33 ||    65
       Distracted        |       |     2 |     3 |     8 ||    13
  Eat: Ration            |       |     1 |     3 |     4 ||     8
Armor: Robe              |     7 |     5 |    20 |    23 ||    55
Dodge: Dodged            |    70 |    77 |   330 |   484 ||   961

Table legend:
 A = Non-vault XP
 B = Vault XP
 C = Vault XP percentage of total XP
 D = Non-vault monster count
 E = Vault monster count
 F = Vault count percentage of total count
                 A         B        C        D         E       F
            +---------+---------+-------+---------+---------+-------
      Total |   12926 |    7631 |  37.1 |     227 |      91 |  28.6
            +---------+---------+-------+---------+---------+-------
        D:1 |      32 |       0 |   0.0 |      20 |       0 |   0.0
        D:2 |      34 |      79 |  69.9 |      17 |       2 |  10.5
        D:3 |      25 |      33 |  56.9 |       5 |       5 |  50.0
        D:4 |     461 |       0 |   0.0 |      21 |       0 |   0.0
        D:5 |     575 |       0 |   0.0 |      19 |       0 |   0.0
        D:6 |     332 |     411 |  55.3 |      15 |      14 |  48.3
        D:7 |    1265 |     556 |  30.5 |      23 |       6 |  20.7
        D:8 |    2553 |    1580 |  38.2 |      37 |       2 |   5.1
        D:9 |    2524 |    1237 |  32.9 |      24 |       9 |  27.3
       D:10 |    1117 |    2462 |  68.8 |      16 |       4 |  20.0
       D:11 |    3855 |     435 |  10.1 |      29 |       7 |  19.4
     Lair:1 |     153 |     122 |  44.4 |       1 |      12 |  92.3
      Sewer |       0 |     167 | 100.0 |       0 |      17 | 100.0
      IceCv |       0 |     549 | 100.0 |       0 |      13 | 100.0
            +---------+---------+-------+---------+---------+-------
